 Dungeon Crawl Stone Soup version 0.24.0-123-gd5b16e6ec5 (webtiles) character file.

Game seed: 13351579577645330612, levelgen mode: deterministic

294 Elellon the Basher (level 6, -4/51 HPs)
             Began as a Minotaur Berserker on Jan 4, 2020.
             Was a Priest of Trog.
             Killed by divine providence
             ... invoked by an orc priest
              (15 damage)
             ... on level 3 of the Dungeon.
             The game lasted 00:05:32 (2576 turns).

Elellon the Basher (Minotaur Berserker)             Turns: 2576, Time: 00:05:33

Health: -4/51      AC:  5    Str: 23    XL:     6   Next: 11%
Magic:  5/5        EV: 11    Int:  4    God:    Trog [***...]
Gold:   180        SH:  3    Dex: 10    Spells: 5/5 levels left

rFire    . . .     SeeInvis .   a - +0 mace
rCold    . . .     Gourm    .   q - +0 buckler
rNeg     . . .     Faith    .   m - +2 leather armour {rPois}
rPois    +         Spirit   .   (helmet restricted)
rElec    .         Reflect  .   (no cloak)
rCorr    .         Harm     .   (no gloves)
MR       .....                  (no boots)
Stlth    +.........             (no amulet)
HPRegen  0.17/turn              (no ring)
MPRegen  0.09/turn              (no ring)

@: no status effects
A: retaliatory headbutt, horns 2
a: Berserk, Trog's Hand, Renounce Religion


You were on level 3 of the Dungeon.
You worshipped Trog.
Trog was most pleased with you.
You were hungry.

You visited 1 branch of the dungeon, and saw 3 of its levels.

You collected 180 gold pieces.

Inventory:

Hand Weapons
 a - a +0 mace (weapon)
Armour
 m - a +2 leather armour of poison resistance (worn)
 q - a +0 buckler (worn)
Jewellery
 j - an uncursed ring of ice {unknown}
 x - an uncursed ring of resist corrosion {unknown}
Wands
 b - a wand of polymorph (7)
Scrolls
 d - 3 scrolls of amnesia {unknown}
 e - a scroll of magic mapping {unknown}
 g - 3 scrolls of teleportation {unknown}
 o - 3 scrolls of identify {unknown}
 r - 2 scrolls of remove curse {unknown}
 s - 3 scrolls of enchant armour {unknown}
 u - 2 scrolls of blinking {unknown}
 w - a scroll of fear {unknown}
Potions
 f - a potion of brilliance {unknown}
 h - 3 potions of magic {unknown}
 i - 2 potions of degeneration {unknown}
 k - 2 potions of cancellation {unknown}
 l - a potion of curing {unknown}
 n - a potion of heal wounds {unknown}
 p - a potion of agility {unknown}
 t - a potion of ambrosia {unknown}
 v - a potion of berserk rage {unknown}
Comestibles
 c - 8 rations


   Skills:
 - Level 3.6 Fighting
 * Level 8.3 Maces & Flails
 - Level 2.4 Armour
 - Level 2.1 Dodging


You had 5 spell levels left.
You didn't know any spells.
Your spell library was empty.

Dungeon Overview and Level Annotations

Branches:
Dungeon (3/15)

Altars:
Yredelemnul
Zin


Innate Abilities, Weirdness & Mutations

You reflexively headbutt those who attack you in melee.
You have a pair of horns on your head.


Message History

The orc priest calls down the wrath of Beogh upon you.
Beogh smites you! The orc barely misses you.
You sock the orc!
You kill the orc!
Trog accepts your kill.
You hit the orc priest but do no damage.
You headbutt the orc priest, but do no damage.
The orc priest calls down the wrath of Beogh upon you.
Beogh smites you!
The orc priest looks satisfied for a moment.
You closely miss the orc priest. You headbutt the orc priest!
The orc priest is almost dead.
The orc priest calls down the wrath of Beogh upon you.
Pain shoots through your body!
* * * LOW HITPOINT WARNING * * *
You barely miss the orc priest.
The orc priest is almost dead.
The orc priest mumbles some strange prayers to Beogh against you.
Beogh smites you!
You die...

#.#######.#.#
.. #.# #.#.#
#.# #.# #.#.#
#.# #.# #.#.#
#.# #.# #.#.#
#.# #)#
#####.#.###
#.# #.#
#..........
#.####.#
#.###.#....
#.)@oo.# #.#
#.#..##
#.###o## ###
###..## #.#
#... ##..##
#.# #.###
#..... #..
... #.....
######o
#.#(## .#
#.#.## o#
#.#.## .#....


You could see 2 orc priests and an orc.

Vanquished Creatures
  An orc wizard (D:3)
  Natasha (thrice) (D:2)
  4 gnolls (D:3)
  6 adders
  3 worms
  5 dart slugs
  2 leopard geckos (D:1)
  An orc (D:3)
  A giant cockroach (D:2)
  12 goblins
  14 hobgoblins
  7 kobolds
  2 quokkas (D:2)
  A ball python (D:3)
  7 bats
  14 rats
83 creatures vanquished.

Notes
Turn   | Place    | Note
-------+----------+-------------------------------------------
     0 | D:1      | Elellon the Minotaur Berserker began the quest for the Orb.
     0 | D:1      | Reached XP level 1. HP: 19/19 MP: 0/0
    37 | D:1      | Reached skill level 4 in Maces & Flails
    89 | D:1      | Reached XP level 2. HP: 19/26 MP: 1/1
   592 | D:1      | Reached skill level 5 in Maces & Flails
   615 | D:1      | Reached XP level 3. HP: 31/31 MP: 2/2
   616 | D:1      | Reached ** piety under Trog
  1168 | D:2      | Found a basalt altar of Yredelemnul.
  1431 | D:2      | Noticed Natasha
  1435 | D:2      | Reached skill level 6 in Maces & Flails
  1435 | D:2      | Reached XP level 4. HP: 37/39 MP: 3/3
  1436 | D:2      | Killed Natasha
  1514 | D:2      | Found a glowing silver altar of Zin.
  1727 | D:2      | Noticed Natasha
  1737 | D:2      | Killed Natasha
  1737 | D:2      | Reached XP level 5. HP: 31/45 MP: 4/4
  1865 | D:2      | Noticed Natasha
  1870 | D:2      | Killed Natasha
  1870 | D:2      | Reached skill level 7 in Maces & Flails
  1958 | D:2      | Reached *** piety under Trog
  2299 | D:3      | Reached skill level 8 in Maces & Flails
  2568 | D:3      | Reached XP level 6. HP: 45/51 MP: 5/5
  2576 | D:3      | Killed from afar by an orc priest

Levels and vault maps discovered:
D:1:      psy_arrival_fountain, layout_loops_ring, st_stairs_5,
          minmay_hexomino_u4
D:2:      minmay_thinvault, layout_loops_cross, nicolae_overflow_crystal_walls,
          lemuel_doored_altar, first_ration, uniq_natasha
D:3:      layout_loops_ring, grunt_gozag_breadcrumbs, marbit_many_paths,
          gammafunk_ghost_necromancy, uniq_crazy_yiuf_cottage

Skill      XL: |  1  2  3  4  5 |
---------------+----------------+-----
Maces & Flails | 4 5 6 8 |  8.3
Fighting       | |  3.6
Armour         | |  2.4
Dodging        | |  2.1

Action                   |  1- 3 |  4- 6 || total
-------------------------+-------+-------++-------
Melee: Mace              |   100 |   115 ||   215
       Headbutt          |    12 |    21 ||    33
  Eat: Chunk             |     2 |     3 ||     5
Armor: Animal skin       |     5 |       ||     5
       Leather armour    |    38 |    32 ||    70
Dodge: Dodged            |    46 |    53 ||    99
Block: Buckler           |     3 |    16 ||    19
